 Dungeon Crawl Stone Soup version 0.24-a0-335-g06ca16af6c (webtiles) character file.

Game seed: 15628156284917060120

837 HAL9000 the Slicer (level 7, 0/34 HPs)
             Began as a Vine Stalker Assassin on May 19, 2019.
             Slain by an ice beast (8 damage)
             ... on level 4 of the Dungeon.
             The game lasted 00:07:43 (4024 turns).

HAL9000 the Slicer (Vine Stalker Assassin)          Turns: 4024, Time: 00:07:44

Health: 0/34       AC:  8    Str: 14    XL:     7   Next: 99%
Magic:  0/8        EV: 11    Int: 12    God:
Gold:   250        SH:  0    Dex: 16    Spells: 6/6 levels left

rFire    . . .     SeeInvis .   h - +2 short sword (elec)
rCold    . . .     Gourm    .   (no shield)
rNeg     . . .     Faith    .   x - +2 leather armour {MR+}
rPois    .         Spirit   +   n - +0 helmet
rElec    .         Reflect  .   c - +0 cloak
rCorr    .         Harm     .   p - +0 pair of gloves
MR       +....                  (no boots)
Stlth    +++.......             (no amulet)
HPRegen  0.51/turn              (no ring)
MPRegen  0.11/turn              (no ring)

@: no status effects
A: fangs 2, regeneration 1, magic shield, antimagic bite, no potion heal 3, rot
immunity
a: no special abilities


You were on level 4 of the Dungeon.
You were not hungry.

You visited 2 branches of the dungeon, and saw 6 of its levels.

You collected 250 gold pieces.

Inventory:

Hand Weapons
 a - a +2 dagger
 h - a +2 short sword of electrocution (weapon)
 B - a +1 dagger of holy wrath
Missiles
 d - 13 poisoned darts
 e - a curare-tipped dart (quivered)
 m - 3 javelins
 y - 4 boomerangs
Armour
 c - a +0 cloak (worn)
 n - a +0 helmet (worn)
 p - a +0 pair of gloves (worn)
 x - a +2 leather armour of magic resistance (worn)
Jewellery
 z - an uncursed amulet of harm
 F - an uncursed ring of fire {unknown}
Wands
 v - a wand of acid (10)
Scrolls
 b - a scroll of enchant armour {unknown}
 g - 7 scrolls of remove curse
 i - 4 scrolls of teleportation {unknown}
 q - 2 scrolls of blinking {unknown}
 s - a scroll of enchant weapon {unknown}
 t - 5 scrolls of identify {unknown}
 w - a scroll of fear {unknown}
 A - 3 scrolls of amnesia {unknown}
Potions
 j - 2 potions of curing {unknown}
 k - 3 potions of heal wounds {unknown}
 l - a potion of flight {unknown}
 o - a potion of agility
 r - a potion of mutation {unknown}
 u - 2 potions of lignification {unknown}
 D - a potion of resistance {unknown}
 E - a potion of cancellation {unknown}
Comestibles
 f - 11 rations
 C - a chunk of flesh


   Skills:
 - Level 1.7 Fighting
 + Level 8.2 Short Blades
 - Level 1.7 Throwing
 - Level 0.7 Dodging
 - Level 4.8 Stealth


You had 6 spell levels left.
You didn't know any spells.
Your spell library was empty.

Dungeon Overview and Level Annotations

Branches:
Dungeon (5/15)             Temple (1/1) D:4

Altars:
Ashenzari
Elyvilon
Fedhas
Gozag
Hepliaklqana
Kikubaaqudgha
Nemelex Xobeh
Okawaru
Qazlal
Ru
Sif Muna
Trog
Uskayaw
Vehumet
Wu Jian
Xom
Yredelemnul
Zin

Shops:
D:4 }

Annotations:
D:4 3 runed translucent doors, P0WERM0DE's ghost, amateur MiFi


Innate Abilities, Weirdness & Mutations

You have extremely sharp teeth.
Your natural rate of healing is unusually fast.
When hurt, damage is shared between your health and your magic reserves.
Your bite disrupts and absorbs the magic of your enemies.
Potions cannot restore your health.
You are immune to rotting.


Message History

The ice beast hits you. The ice beast freezes you!
* * * LOW HITPOINT WARNING * * *
You closely miss the ice beast.
The ice beast is lightly wounded.
You hit the ice beast but do no damage.
The ice beast is lightly wounded.
The ice beast hits you. The ice beast freezes you.
* * * LOW HITPOINT WARNING * * *
You closely miss the ice beast. Your bite misses the ice beast.
The ice beast is lightly wounded.
The ice beast hits you but does no damage.
You hit the ice beast.
Lightning courses through the ice beast!
The ice beast is severely wounded.
You hit the ice beast.
The ice beast is severely wounded.
The ice beast hits you.
* * * LOW HITPOINT WARNING * * *
The ice beast freezes you!
You die...

### #.####
##### ##.#
#....## #....
##..#
###...###....
##..##
##....##...
###...##
###...#...
##......##
###.....
#..###...##
##.... ####
##...# ###..
##@.## #..
##Y.## ######
##.
#...###....#
##
##...#.....##
#
##.........#
# ##........#
##.......#
#.......#
##.....##


You could see an ice beast.

Vanquished Creatures
  Grinder (D:3)
  An ogre (D:4)
  An orc warrior (D:2)
  A crimson imp (D:3)
  A bullfrog zombie (D:4)
  2 orc priests (D:3)
  3 orc wizards (D:3)
  A gnoll (D:2)
  9 adders
  An ooze (D:3)
  4 worms
  5 dart slugs
  3 leopard geckos
  19 orcs
  A ball python (D:1)
  4 giant cockroaches
  9 goblins
  6 hobgoblins
  8 jackals (D:1)
  10 kobolds
  7 quokkas
  12 bats
  8 frilled lizards
  12 rats
129 creatures vanquished.

Notes
Turn   | Place    | Note
-------+----------+-------------------------------------------
     0 | D:1      | HAL9000 the Vine Stalker Assassin began the quest for the
                  | Orb.
     0 | D:1      | Reached XP level 1. HP: 11/11 MP: 2/2
    16 | D:1      | Reached skill level 2 in Short Blades
   258 | D:1      | Reached XP level 2. HP: 5/15 MP: 0/3
   512 | D:1      | Reached skill level 3 in Short Blades
   518 | D:1      | Reached XP level 3. HP: 10/18 MP: 4/4
  1127 | D:2      | Found an ornate altar of the Wu Jian Council.
  1148 | D:2      | Found a glowing silver altar of Zin.
  1212 | D:2      | Gained mutation: Your natural rate of healing is unusually
                  | fast. [Vine Stalker growth]
  1212 | D:2      | Reached XP level 4. HP: 21/23 MP: 5/5
  1258 | D:2      | Reached skill level 4 in Short Blades
  1556 | D:2      | Found a basalt altar of Yredelemnul.
  1578 | D:2      | Reached XP level 5. HP: 20/26 MP: 6/6
  2122 | D:3      | Noticed Grinder
  2130 | D:3      | Killed Grinder
  2130 | D:3      | Reached skill level 6 in Short Blades
  2130 | D:3      | Reached XP level 6. HP: 30/30 MP: 7/7
  2394 | D:3      | Reached XP level 7. HP: 32/34 MP: 8/8
  2419 | D:2      | Reached skill level 7 in Short Blades
  3059 | D:4      | Found Usastyxe's Gadget Shoppe.
  3091 | D:4      | Reached skill level 8 in Short Blades
  3393 | D:4      | Found a runed translucent gate.
  3394 | D:4      | Found a runed translucent gate.
  3394 | D:4      | Found a runed translucent gate.
  3395 | D:4      | Found an opulent altar of Gozag.
  3396 | D:4      | Noticed P0WERM0DE's ghost (amateur MiFi)
  3434 | D:4      | Found a staircase to the Ecumenical Temple.
  3444 | Temple   | Entered the Ecumenical Temple
  3980 | D:5      | Entered Level 5 of the Dungeon
  4024 | D:4      | Slain by an ice beast

Levels and vault maps discovered:
D:1:      lightli_arrival_flooded_house, layout_basic, minmay_close_crescents
D:2:      minmay_inner_zag, layout_basic, old_standard_altar,
          nicolae_overflow_hidden_temple, first_ration, serial_forest,
          infiniplex_forest_end_1, infiniplex_forest_clump_tiny,
          infiniplex_forest_join, infiniplex_forest_zigzag_1,
          infiniplex_forest_lined_2, infiniplex_forest_lined_room_2,
          infiniplex_forest_clump_medium
D:3:      layout_loops_cross, chequers_jeans, uniq_grinder
D:4:      layout_cave_pods, minmay_temple_entry_glassed_door,
          ebering_ghost_gozag, serial_shops, nicolae_shop_stone
D:5:      layout_gridville, slow_altar_1
Temple:   regret_index_temple_waves

Skill      XL: |  1  2  3  4  5  6  7 |
---------------+----------------------+-----
Short Blades   | 2 3 4 6 8 |  8.2
Fighting       | |  1.7
Throwing       | |  1.7
Dodging        | |  0.7
Stealth        | |  4.8

Action                   |  1- 3 |  4- 6 |  7- 9 || total
-------------------------+-------+-------+-------++-------
Melee: Dagger            |    98 |       |       ||    98
       Bite              |    31 |    28 |    26 ||    85
       Short sword       |    25 |   119 |   112 ||   256
Throw: Dart              |     2 |       |     1 ||     3
  Use: Scroll            |       |     1 |       ||     1
 Stab: Sleeping          |     6 |    10 |     2 ||    18
  Eat: Chunk             |     1 |     4 |     5 ||    10
Armor: Robe              |    23 |    21 |       ||    44
       Leather armour    |       |     4 |    43 ||    47
Dodge: Dodged            |    61 |    57 |    45 ||   163

Table legend:
 A = Non-vault XP
 B = Vault XP
 C = Vault XP percentage of total XP
 D = Non-vault monster count
 E = Vault monster count
 F = Vault count percentage of total count
                 A         B        C        D         E       F
            +---------+---------+-------+---------+---------+-------
      Total |     906 |     290 |  24.2 |     120 |       9 |   7.0
            +---------+---------+-------+---------+---------+-------
        D:1 |      63 |       4 |   6.0 |      37 |       3 |   7.5
        D:2 |     241 |      24 |   9.1 |      30 |       5 |  14.3
        D:3 |     383 |     262 |  40.6 |      40 |       1 |   2.4
        D:4 |     219 |       0 |   0.0 |      13 |       0 |   0.0
            +---------+---------+-------+---------+---------+-------
